 Seeded DCSS version 0.28.0-43-g3370ac3207 (webtiles) character file.

Game seed: 13591998346360536447 (custom seed)

1136 hikkokomori the Skirmisher (level 8, -6/71 HPs)
             Began as a Hill Orc Fighter on Mar 2, 2022.
             Mangled by Menkaure (8 damage)
             ... on level 5 of the Dungeon.
             The game lasted 00:04:45 (3251 turns).

hikkokomori the Skirmisher (Hill Orc Fighter)       Turns: 3251, Time: 00:04:45

Health: -6/71      AC: 19    Str: 25    XL:     8   Next: 36%
Magic:  8/8        EV:  6    Int:  8    God:
Gold:   1362       SH:  5    Dex: 14    Spells: 7/7 levels left

rFire   . . .      SeeInvis .   h - +6 broad axe "Asot" {spect, rElec Will- Str+4 Dex+4}
rCold   . . .      Faith    .   c - +0 buckler
rNeg    . . .      Spirit   .   v - +4 plate armour
rPois   .          Reflect  .   r - +1 hat
rElec   +          Harm     .   m - +0 cloak {Stlth+}
rCorr   .          Rampage  .   (no gloves)
Will    .....                   (no boots)
Stlth   ..........              (no amulet)
HPRegen 0.21/turn               (no ring)
MPRegen 0.11/turn               (no ring)

@: studying Invocations
A: no striking features
a: no special abilities


You were on level 5 of the Dungeon.
You visited 1 branch of the dungeon, and saw 5 of its levels.

You collected 1362 gold pieces.

Inventory:

Hand Weapons
 a - a +0 war axe
 h - the +6 broad axe "Asot" (weapon) {spect, rElec Will- Str+4 Dex+4}
   (You acquired it on level 2 of the Dungeon)

   When its wielder attacks, the weapon's spirit leaps out and strikes again.
   The spirit shares a part of any damage it takes with its wielder.
   Str:       It affects your strength (+4).
   Dex:       It affects your dexterity (+4).
   rElec:     It insulates you from electricity.
   Will:      It decreases your willpower.
Armour
 b - a +0 scale mail
 c - a +0 buckler (worn)
 m - a +0 cloak of stealth (worn)
 r - a +1 hat (worn)
 v - a +4 plate armour (worn)
Jewellery
 j - a ring of resist corrosion
 l - a ring of protection from fire
 n - a ring of protection from fire
 z - an amulet of reflection
Wands
 w - a wand of mindburst (17)
 y - a wand of flame (30)
Scrolls
 e - 2 scrolls of teleportation {unknown}
 g - 6 scrolls of identify {unknown}
 i - a scroll of vulnerability {unknown}
 o - 2 scrolls of summoning {unknown}
 q - a scroll of torment {unknown}
 s - a scroll of amnesia {unknown}
 u - a scroll of acquirement
Potions
 d - a potion of might
 f - 3 potions of haste {unknown}
 k - a potion of heal wounds {unknown}
 p - a potion of lignification {unknown}
 t - a potion of mutation {unknown}
 x - a potion of ambrosia {unknown}


   Skills:
 + Level 6.8 Fighting
 + Level 6.8 Axes
 + Level 6.1 Armour
 + Level 6.2 Shields


You had 7 spell levels left.
You didn't know any spells.
Your spell library contained the following spells:

 Spells                   Type           Power      Damage    Failure   Level
 Static Discharge         Conj/Air       0%         N/A       100%        2
 Sublimation of Blood     Necr           0%         N/A       100%        2
 Wereblood                Tmut           0%         N/A       100%        2
 Ozocubu's Armour         Ice            0%         N/A       100%        3
 Dispel Undead            Necr           0%         3d6       100%        4
 Sticky Flame             Conj/Fire      0%         2d3       100%        4
 Ozocubu's Refrigeration  Ice            0%         4d5       100%        7
 Summon Hydra             Summ           0%         N/A       100%        7


Dungeon Overview and Level Annotations

Branches:
Dungeon (5/15)
 Temple: D:4-7

Altars:
Gozag
Hepliaklqana
Okawaru
Qazlal
Sif Muna
The Shining One

Annotations:
D:3 2 transporters, Ekaitz's ghost, amateur DsFE
D:5 Menkaure


Message History

The arrow hits you but does no damage.
The centaur shoots an arrow.
The arrow closely misses you.
You hear a shout!
Menkaure, Prince of Dust comes into view.
Menkaure shouts!
The centaur shoots an arrow.
The arrow hits you.
You slice the centaur!!
The centaur is almost dead.
Your +6 broad axe "Asot" {spect, rElec Will- Str+4 Dex+4} hits the centaur!
You kill the centaur!
Menkaure mumbles some strange words.
Menkaure seems to speed up.
Menkaure is nearby!
Menkaure calls on the powers of darkness!
Your body is wracked with pain!
Things that are here:
a +0 shortbow; 13 arrows; a centaur corpse Menkaure calls on the powers of darkness!
Your body is wracked with pain!
* * * LOW HITPOINT WARNING * * *
You are too injured to fight recklessly!
You are too injured to fight recklessly!
You are too injured to fight recklessly!
Unknown command.
You are too injured to fight recklessly!
Menkaure hits you!
* * * LOW HITPOINT WARNING * * *
You slash Menkaure!
Menkaure is heavily damaged.
Menkaure hits you but does no damage. Menkaure barely misses you.
Unknown command.
You completely miss Menkaure.
Menkaure is heavily damaged.
Menkaure hits you!
* * * LOW HITPOINT WARNING * * *
Unknown command.
You slash Menkaure!
Menkaure is severely damaged.
Menkaure hits you!
You die...

### #.# ######### #.###.##....)
#.# #.....##.#### #.#
#.###.##.# #.# #.# #....# #.#
#.# ###### #.#######.#.###.#
#### #.#.).@M..#.....####...
#########.#.###########...##.##
#............#.......####....##
#.#######.#..#.#...............
#.#.. ..#.#..#.#.###.####...###
#.#.###.#.#..#.#.# #...........
#.#.#.#.#.#..#.#.# #.##########
#.#.#.#.#.#..#.#.###...........
#.......#.####.#......##.#....†


You could see Menkaure (fast).

Vanquished Creatures
  Sigmund (D:5)
  2 ogres (D:5)
  An ice beast (D:5)
  A sky beast (D:5)
  A centaur (D:5)
  A gnoll sergeant (D:5)
  A water moccasin zombie (D:5)
  A howler monkey (D:5)
  A bullfrog zombie (D:5)
  A hound (D:4)
  2 bullfrog skeletons
  An iguana (D:5)
  Natasha (twice) (D:2)
  3 hound skeletons
  3 gnolls (D:4)
  2 adders
  A white imp (D:5)
  An ufetubus (D:5)
  2 adder skeletons (D:4)
  3 worms
  6 dart slugs
  An orc (D:3)
  3 bats
  7 endoplasms
  2 giant cockroaches
  9 hobgoblins
  5 jackals
  8 kobolds
  3 quokkas
  5 ball pythons
  A frilled lizard (D:2)
  4 goblins
  9 rats
  A spectral hobgoblin (D:4)
95 creatures vanquished.

Vanquished Creatures (others)
  A hobgoblin (D:2)
1 creature vanquished.

Grand Total: 96 creatures vanquished

Notes
Turn   | Place    | Note
-------+----------+-------------------------------------------
     0 | D:1      | hikkokomori the Hill Orc Fighter began the quest for the
                  | Orb.
     0 | D:1      | Reached XP level 1. HP: 19/19 MP: 1/1
   158 | D:1      | Reached XP level 2. HP: 27/27 MP: 2/2
   337 | D:1      | Reached XP level 3. HP: 33/33 MP: 3/3
  1049 | D:2      | Noticed Natasha
  1058 | D:2      | Killed Natasha
  1059 | D:2      | Reached XP level 4. HP: 21/41 MP: 4/4
  1227 | D:2      | Found a faded altar of an unknown god.
  1522 | D:2      | Noticed Natasha
  1527 | D:2      | Killed Natasha
  1556 | D:2      | Identified 3 scrolls of acquirement
  1556 | D:2      | Acquired a +0 cloak of stealth
  1557 | D:2      | Acquired the +6 broad axe "Asot" {spect, rElec Will- Str+4
                  | Dex+4}
  1558 | D:2      | Acquired 1143 gold pieces
  1599 | D:3      | Found a glowing golden altar of the Shining One.
  1603 | D:3      | Reached XP level 5. HP: 47/47 MP: 5/5
  1754 | D:3      | Found a transporter.
  1757 | D:3      | Noticed Ekaitz's ghost (amateur DsFE)
  1923 | D:3      | Found a transporter.
  2191 | D:3      | Identified the +1 whip of Eternal Harmony {flame, rElec
                  | Int+2}
  2403 | D:4      | Found a hazy altar of Hepliaklqana.
  2408 | D:4      | Reached skill level 5 in Fighting
  2571 | D:4      | Reached XP level 6. HP: 55/56 MP: 6/6
  2732 | D:5      | Entered Level 5 of the Dungeon
  2756 | D:5      | Found a shimmering blue altar of Sif Muna.
  2774 | D:5      | Noticed an ice beast
  2777 | D:5      | Killed an ice beast
  2778 | D:5      | Reached skill level 5 in Axes
  2778 | D:5      | Reached skill level 5 in Shields
  2803 | D:5      | Reached skill level 5 in Armour
  2803 | D:5      | Reached XP level 7. HP: 61/61 MP: 7/7
  2859 | D:5      | Reached XP level 8. HP: 50/71 MP: 8/8
  2869 | D:5      | Noticed Sigmund
  2877 | D:5      | Killed Sigmund
  3026 | D:5      | Found an opulent altar of Gozag.
  3035 | D:5      | Found a stormy altar of Qazlal.
  3211 | D:5      | Found an iron altar of Okawaru.
  3244 | D:5      | Noticed Menkaure
  3250 | D:5      | HP: 2/71 [Menkaure (11)]
  3251 | D:5      | Mangled by Menkaure

Illustrated notes

Levels and vault maps discovered:
D:1:      wander_arrival_fairy_ring, layout_basic, chequers_serial_rivers_room_a
D:2:      layout_loops_ring, shapermc_ecumenical_altar_venn, uniq_natasha
D:3:      layout_loops_ring, mainiacjoe_overflow_chevrons,
          gammafunk_ghost_arena, hangedman_glass_teeth
D:4:      layout_basic, nicolae_hepliaklqana_monster_ancestors,
          due_unseen_surprise
D:5:      layout_basic, lemuel_doored_altar, overflow_temple_1_default,
          amethyst_overflow_temple_binary, minmay_manual_mess, uniq_ijyb,
          uniq_edmund, uniq_sigmund, uniq_menkaure

Skill      XL: |  1  2  3  4  5  6  7  8 |
---------------+-------------------------+-----
Axes           | 3 4 5 6 |  6.8
Fighting       | 4 5 6 |  6.8
Shields        | 4 5 6 |  6.2
Armour         | 4 5 6 |  6.1

Action                   |  1- 3 |  4- 6 |  7- 9 || total
-------------------------+-------+-------+-------++-------
Melee: War axe           |   101 |    13 |       ||   114
       Broad axe         |       |    66 |    26 ||    92
  Use: Scroll            |       |     3 |       ||     3
 Stab: Distracted        |       |       |     1 ||     1
Armor: Scale mail        |    47 |    18 |       ||    65
       Plate armour      |       |    16 |    12 ||    28
Dodge: Dodged            |    39 |    32 |     7 ||    78
Block: Buckler           |    27 |    15 |     5 ||    47
